 Dungeon Crawl Stone Soup version 0.27-a0-1416-g941b2bd30b (webtiles) character file.

Game seed: 4654682854421999144

5324 funkygono the Magician (level 10, 0/74 HPs)
             Began as a Gnoll Fire Elementalist on June 30, 2021.
             Killed from afar by a steam dragon (12 damage)
             ... with a ball of steam
             ... on level 7 of the Dungeon on July 2, 2021.
             The game lasted 00:24:05 (11342 turns).

funkygono the Magician (Gnoll Fire Elementalist)   Turns: 11342, Time: 00:24:05

Health: 0/74       AC: 13    Str:  9    XL:     10   Next: 64%
Magic:  14/21      EV: 17    Int: 16    God:
Gold:   262        SH:  0    Dex: 16    Spells: 9/24 levels left

rFire    . . .     SeeInvis .   o - +8 falchion of Mourning {vorpal, Dex+3}
rCold    . . .     Faith    +   (no shield)
rNeg     . . .     Spirit   .   w - +2 swamp dragon scales
rPois    +         Reflect  .   (no helmet)
rElec    .         Harm     .   (no cloak)
rCorr    +         Rampage  .   f - +2 pair of gloves
Will     .....                  (no boots)
Stlth    +++.......             A - amulet of faith
HPRegen  0.22/turn              j - +4 ring of evasion
MPRegen  0.17/turn              B - ring of resist corrosion

@: studying Axes
A: fangs 1, strong nose, distributed training
a: no special abilities


You were on level 7 of the Dungeon.
You visited 2 branches of the dungeon, and saw 8 of its levels.
You also visited: Sewer.

You collected 262 gold pieces.

Inventory:

Hand Weapons
 o - the +8 falchion of Mourning (weapon) {vorpal, Dex+3}
   (You found it on level 4 of the Dungeon)

   It inflicts extra damage upon your enemies.
   Dex:       It affects your dexterity (+3).
 t - a +3 vorpal flail
 v - a +2 demon trident of freezing
 F - a +2 whip of flaming
Missiles
 d - 6 boomerangs of dispersal
Armour
 a - a +0 robe
 f - a +2 pair of gloves (worn)
 k - a +0 scale mail
 w - +2 swamp dragon scales (worn)
 x - a +0 kite shield
 E - a +2 leather armour of poison resistance
Magical Staves
 C - a staff of fire
Jewellery
 j - a +4 ring of evasion (left hand)
 A - an amulet of faith (around neck)
 B - a ring of resist corrosion (right hand)
Wands
 q - a wand of paralysis (11)
 y - a wand of polymorph (6)
Scrolls
 i - a scroll of amnesia
 m - a scroll of fog
 p - a scroll of teleportation
 s - a scroll of magic mapping
 z - a scroll of summoning
Potions
 b - 2 potions of haste
 c - 3 potions of curing
 g - a potion of heal wounds {unknown}
 h - a potion of invisibility
 l - a potion of flight {unknown}
 n - 2 potions of resistance
Miscellaneous
 D - a phial of floods


   Skills:
 + Level 5.4 Fighting
 + Level 5.4 Short Blades
 + Level 5.4 Long Blades
 + Level 5.7 Axes
 + Level 5.4 Maces & Flails
 + Level 5.4 Polearms
 + Level 5.4 Staves
 + Level 5.4 Slings
 + Level 5.4 Bows
 + Level 5.4 Crossbows
 + Level 5.4 Throwing
 + Level 5.4 Armour
 + Level 7.2 Dodging
 + Level 7.0 Stealth
 + Level 5.4 Shields
 + Level 5.4 Unarmed Combat
 + Level 7.5 Spellcasting
 + Level 5.0 Conjurations
 + Level 4.5 Hexes
 + Level 4.5 Summonings
 + Level 4.5 Necromancy
 + Level 4.5 Translocations
 + Level 4.5 Transmutations
 + Level 7.2 Fire Magic
 + Level 4.5 Ice Magic
 + Level 4.5 Air Magic
 + Level 4.5 Earth Magic
 + Level 4.5 Poison Magic
 + Level 6.0 Invocations
 + Level 5.4 Evocations


You had 9 spell levels left.
You knew the following spells:

 Your Spells              Type           Power      Damage    Failure   Level
a - Foxfire               Conj/Fire      100%       2x1d9     2%          1
b - Sticky Flame          Conj/Fire      25%        2d5       24%         4
c - Fireball              Conj/Fire      12%        3d7       54%         5
d - Pain                  Necr           80%        1d8       4%          1
e - Blink                 Tloc           N/A        N/A       7%          2
f - Poisonous Vapours     Pois/Air       40%        N/A       7%          2

Your spell library contained the following spells:

 Spells                   Type           Power      Damage    Failure   Level
 Animate Skeleton         Necr           40%        N/A       4%          1
 Call Imp                 Summ           20%        N/A       7%          2
 Conjure Flame            Conj/Fire      25%        6-21      7%          3
 Inner Flame              Hex/Fire       24%        N/A       8%          3
 Mephitic Cloud           Conj/Pois/Air  21%        N/A       13%         3
 Gell's Gravitas          Tloc           10%        N/A       14%         3
 Summon Guardian Golem    Hex/Summ       20%        N/A       14%         3
 Vampiric Draining        Necr           10%        2d7       14%         3
 Animate Dead             Necr           10%        N/A       43%         4
 Passage of Golubria      Tloc           N/A        N/A       43%         4
 Freezing Cloud           Conj/Ice/Air   10%        6-21      75%         5
 Agony                    Necr           20%        N/A       78%         5
 Summon Forest            Summ/Tloc      10%        N/A       78%         5


Dungeon Overview and Level Annotations

Branches:
Dungeon (7/15)             Temple (1/1) D:5           Sewer (visited)

Altars:
Ashenzari
Cheibriados
Gozag
Makhleb
Nemelex Xobeh
Qazlal
Ru
Sif Muna
Trog
Uskayaw
Vehumet
Wu Jian
Xom
Zin
The Shining One

Shops:
D:1 [   D:2 (

Annotations:
D:7 Dowan, Duvessa, Harold


Innate Abilities, Weirdness & Mutations

You have very sharp teeth.
Your uncanny sense of smell can sniff out nearby items.
Your experience applies equally to all skills.


Message History

You conjure some foxfire!
You are engulfed in a cloud of scalding steam.
The foxfire hits the steam dragon.
The steam dragon is moderately wounded.
The foxfire hits the steam dragon.
The steam dragon is heavily wounded.
The foxfire hits the steam dragon.
The steam dragon is severely wounded.
Casting: Foxfire (safe; 2% risk of failure)
Confirm with . or Enter, or press ? or * to list all spells.
You conjure some foxfire!
You are engulfed in a cloud of scalding steam.
The foxfire hits the steam dragon but does no damage.
The steam dragon is severely wounded.
The steam dragon breathes steam at you. The ball of steam misses you.
The ball of steam hits your foxfire.
Your foxfire resists.
Casting: Foxfire (safe; 2% risk of failure)
Confirm with . or Enter, or press ? or * to list all spells.
You conjure some foxfire!
You are engulfed in a cloud of scalding steam.
* * * LOW HITPOINT WARNING * * *
The foxfire hits the steam dragon but does no damage.
The steam dragon is severely wounded.
The foxfire hits the steam dragon.
The steam dragon is severely wounded.
The bullfrog swells and bulges.
The steam dragon bites you!
* * * LOW HITPOINT WARNING * * *
The steam dragon completely misses you.
Your magical contamination has completely faded away.
The foxfire hits the steam dragon.
The steam dragon is severely wounded.
The foxfire hits the steam dragon but does no damage.
The steam dragon is severely wounded.
The bullfrog closely misses you. The bullfrog completely misses you.
The steam dragon breathes steam at you. The ball of steam hits you!
You die...

#.....#.........#.
#.....#...........
#.....#.......####
#.....#....)..#
#.....#.......#
#.....#.....§.#
#.....#....<§§#
#.....#...Ds..# .(
#@....#.......###.
#h§...#.F....##...
#F§§..#.....##..##
#..D..#...D##...##
#.....#..[.#......
#.W...#§§..#....[.
###'####§.§......s.
#.....§DFW..#..###.
#......F##..#..#...


You could see a steam dragon (catching breath), a phantom, a bullfrog and a
hound.

Vanquished Creatures
  A boulder beetle (D:7)
  A two-headed ogre (D:7)
  A troll (D:7)
  A wyvern (D:7)
  A shadow (D:6)
  A vampire mosquito (D:7)
  A steam dragon (D:5)
  An acid dragon (D:6)
  4 water moccasins
  3 black bears (D:7)
  An ice beast (D:5)
  A sky beast (D:7)
  A hornet zombie (D:7)
  An orc warrior (D:7)
  3 necrophages
  An ogre (D:5)
  A centaur (D:7)
  2 bullfrogs (D:7)
  4 kobold brigands (Sewer)
  Blork the orc (D:4)
  2 scorpions
  A water moccasin zombie (D:7)
  A water moccasin skeleton (D:3)
  3 howler monkeys
  A gnoll shaman (D:7)
  3 hounds
  A bullfrog zombie (D:7)
  2 orc priests
  A jelly (D:5)
  2 centaur skeletons
  3 orc wizards
  3 iguanas
  Ijyb (D:4)
  A hound skeleton (D:4)
  A howler monkey zombie (D:6)
  A gnoll (D:7)
  A howler monkey skeleton (D:7)
  6 river rats
  11 adders
  A shadow imp (D:7)
  A white imp (D:7)
  8 worms
  A dart slug (D:1)
  27 orcs
  7 ball pythons
  7 bats
  14 endoplasms
  4 giant cockroaches
  6 goblins
  4 hobgoblins
  9 jackals
  2 quokkas (D:4)
  14 frilled lizards
  13 kobolds
  7 rats
201 creatures vanquished.

Vanquished Creatures (others)
  875 foxfires
875 creatures vanquished.

Grand Total: 1076 creatures vanquished

Notes
Turn   | Place    | Note
-------+----------+-------------------------------------------
     0 | D:1      | funkygono the Gnoll Fire Elementalist began the quest for
                  | the Orb.
     0 | D:1      | Reached XP level 1. HP: 13/13 MP: 6/6
   221 | D:1      | Reached XP level 2. HP: 19/19 MP: 4/7
   289 | D:1      | Found Eduest's Armour Shop.
   715 | D:1      | Reached XP level 3. HP: 25/25 MP: 6/9
   774 | D:1      | Reached skill level 5 in Spellcasting
  1184 | D:2      | Found a faded altar of an unknown god.
  1278 | D:2      | Found Lisaurr's Weapon Shoppe.
  1293 | D:2      | Reached skill level 1 in Invocations
  1569 | D:2      | Reached skill level 1 in Fighting
  1569 | D:2      | Reached skill level 1 in Short Blades
  1569 | D:2      | Reached skill level 1 in Long Blades
  1569 | D:2      | Reached skill level 1 in Axes
  1569 | D:2      | Reached skill level 1 in Maces & Flails
  1569 | D:2      | Reached skill level 1 in Polearms
  1569 | D:2      | Reached skill level 1 in Staves
  1569 | D:2      | Reached skill level 1 in Slings
  1569 | D:2      | Reached skill level 1 in Bows
  1569 | D:2      | Reached skill level 1 in Crossbows
  1569 | D:2      | Reached skill level 1 in Throwing
  1569 | D:2      | Reached skill level 1 in Armour
  1569 | D:2      | Reached skill level 1 in Shields
  1569 | D:2      | Reached skill level 1 in Unarmed Combat
  1569 | D:2      | Reached skill level 1 in Evocations
  1944 | D:2      | Reached XP level 4. HP: 32/32 MP: 8/11
  2023 | D:2      | Learned a level 4 spell: Sticky Flame
  2398 | D:3      | Upgraded the game from 0.27-a0-1378-gdefffd1ff6 to
                  | 0.27-a0-1384-g1422d76b99
  2527 | D:3      | Found a burning altar of Makhleb.
  2604 | D:3      | Reached skill level 1 in Hexes
  2604 | D:3      | Reached skill level 1 in Summonings
  2604 | D:3      | Reached skill level 1 in Necromancy
  2604 | D:3      | Reached skill level 1 in Translocations
  2604 | D:3      | Reached skill level 1 in Transmutations
  2604 | D:3      | Reached skill level 1 in Ice Magic
  2604 | D:3      | Reached skill level 1 in Air Magic
  2604 | D:3      | Reached skill level 1 in Earth Magic
  2604 | D:3      | Reached skill level 1 in Poison Magic
  2891 | D:3      | Reached XP level 5. HP: 37/37 MP: 8/12
  3584 | D:3      | Learned a level 5 spell: Fireball
  3631 | D:4      | Learned a level 1 spell: Pain
  3826 | D:4      | Reached XP level 6. HP: 44/44 MP: 9/13
  4091 | D:4      | Reached skill level 5 in Dodging
  4101 | D:4      | Found a glowing drain.
  4116 | Sewer    | Entered a sewer
  4474 | Sewer    | Reached XP level 7. HP: 33/50 MP: 6/15
  5368 | D:4      | Reached skill level 5 in Stealth
  5415 | D:4      | Identified the +8 falchion of Mourning {vorpal, Dex+3}
  5450 | D:4      | Noticed Blork the orc
  5458 | D:4      | Killed Blork the orc
  5834 | D:4      | Reached XP level 8. HP: 57/57 MP: 9/16
  6061 | D:4      | Noticed Ijyb
  6074 | D:4      | Killed Ijyb
  6478 | D:5      | Entered Level 5 of the Dungeon
  7434 | D:5      | Found a bloodstained altar of Trog.
  7738 | D:5      | Found a staircase to the Ecumenical Temple.
  7744 | Temple   | Entered the Ecumenical Temple
  7921 | D:5      | Reached XP level 9. HP: 65/65 MP: 12/18
  9092 | D:7      | Noticed a boulder beetle
  9107 | D:7      | Noticed a two-headed ogre
  9749 | D:7      | Killed a boulder beetle
  9750 | D:7      | Reached skill level 5 in Invocations
  9775 | D:7      | Reached XP level 10. HP: 73/73 MP: 4/20
  9799 | D:7      | Killed a two-headed ogre
  9800 | D:7      | Reached skill level 5 in Fighting
  9800 | D:7      | Reached skill level 5 in Short Blades
  9800 | D:7      | Reached skill level 5 in Long Blades
  9800 | D:7      | Reached skill level 5 in Axes
  9800 | D:7      | Reached skill level 5 in Maces & Flails
  9800 | D:7      | Reached skill level 5 in Polearms
  9800 | D:7      | Reached skill level 5 in Staves
  9800 | D:7      | Reached skill level 5 in Slings
  9800 | D:7      | Reached skill level 5 in Bows
  9800 | D:7      | Reached skill level 5 in Crossbows
  9800 | D:7      | Reached skill level 5 in Throwing
  9800 | D:7      | Reached skill level 5 in Armour
  9800 | D:7      | Reached skill level 5 in Shields
  9800 | D:7      | Reached skill level 5 in Unarmed Combat
  9800 | D:7      | Reached skill level 5 in Evocations
 10096 | D:7      | Noticed Duvessa
 10096 | D:7      | Noticed Dowan
 10406 | D:7      | Got the Tome of Creation and the Voyage
 10445 | D:7      | Reached skill level 5 in Conjurations
 10708 | D:7      | Found a sparkling altar of Nemelex Xobeh.
 10712 | D:7      | Noticed Harold
 11194 | D:6      | Upgraded the game from 0.27-a0-1384-g1422d76b99 to
                  | 0.27-a0-1416-g941b2bd30b
 11198 | D:6      | Learned a level 2 spell: Blink
 11201 | D:6      | Learned a level 2 spell: Poisonous Vapours
 11342 | D:7      | Killed from afar by a steam dragon

Illustrated notes

Levels and vault maps discovered:
D:1:      erik_arrival_blinker_ship, layout_basic, serial_shops,
          nicolae_shop_trees, minmay_lizard_pond
D:2:      layout_rooms, hellmonk_ecumenical_altar_zigzags, serial_shops, shop,
          minmay_unequal
D:3:      layout_loops_corners, bloody_makhleb, chequers_serial_rivers_large_a
D:4:      layout_cave_pods, lightli_sewer_entry_pipes, uniq_blork_the_orc,
          uniq_ijyb
D:5:      layout_cave_pods, lemuel_crystal_altar,
          minmay_temple_entry_enclosed_plants
D:6:      layout_basic, grunt_decor_one_mirror
D:7:      minmay_the_grid_octo_tiled_squarecenter [minmay_the_grid_octo_toaster,
          minmay_the_grid_octo_horde, minmay_the_grid_octo_clover_2,
          minmay_the_grid_octo_tetromino_candy,
          minmay_the_grid_square_5x5_megaprize_crossed,
          minmay_the_grid_square_5x5_spiral_small,
          minmay_the_grid_square_5x5_shuriken, minmay_the_grid_square_5x5_lines,
          minmay_the_grid_square_5x5_two_walls_a], layout_gridville,
          grunt_temple_overflow_open, serial_shops,
          nicolae_shop_window_shopping, uniq_duvessa, uniq_harold
Temple:   nicolae_temple_x_marks_the_god

Skill      XL: |  1  2  3  4  5  6  7  8  9 10 |
---------------+-------------------------------+-----
Conjurations   | 2 3 4 5 |  5.0
Spellcasting   | 5 6 7 |  7.5
Invocations    | 1 2 3 4 5 6 |  6.0
Fighting       | 1 2 3 4 5 |  5.4
Short Blades   | 1 2 3 4 5 |  5.4
Long Blades    | 1 2 3 4 5 |  5.4
Axes           | 1 2 3 4 5 |  5.7
Maces & Flails | 1 2 3 4 5 |  5.4
Polearms       | 1 2 3 4 5 |  5.4
Staves         | 1 2 3 4 5 |  5.4
Slings         | 1 2 3 4 5 |  5.4
Bows           | 1 2 3 4 5 |  5.4
Crossbows      | 1 2 3 4 5 |  5.4
Throwing       | 1 2 3 4 5 |  5.4
Armour         | 1 2 3 4 5 |  5.4
Shields        | 1 2 3 4 5 |  5.4
Unarmed Combat | 1 2 3 4 5 |  5.4
Evocations     | 1 2 3 4 5 |  5.4
Hexes          | 1 2 3 4 |  4.5
Summonings     | 1 2 3 4 |  4.5
Necromancy     | 1 2 3 4 |  4.5
Translocations | 1 2 3 4 |  4.5
Transmutations | 1 2 3 4 |  4.5
Ice Magic      | 1 2 3 4 |  4.5
Air Magic      | 1 2 3 4 |  4.5
Earth Magic    | 1 2 3 4 |  4.5
Poison Magic   | 1 2 3 4 |  4.5
Dodging        | 5 6 7 |  7.2
Stealth        | 5 6 7 |  7.0
Fire Magic     | 6 7 |  7.2

Action                   |  1- 3 |  4- 6 |  7- 9 | 10-12 || total
-------------------------+-------+-------+-------+-------++-------
Melee: Hand axe          |     7 |       |       |       ||     7
       Whip              |     9 |    34 |     9 |       ||    52
       Bite              |     1 |     4 |     3 |     7 ||    15
       Falchion          |       |       |    25 |    45 ||    70
       Punch             |       |       |     1 |       ||     1
 Cast: Foxfire           |    77 |   106 |   227 |    97 ||   507
       Pain              |       |     5 |     5 |     2 ||    12
       Sticky Flame      |       |     3 |     5 |       ||     8
Evoke: Wand              |       |       |     5 |     2 ||     7
  Use: Scroll            |     3 |     6 |     7 |     2 ||    18
       Potion            |       |     1 |       |       ||     1
 Stab: Paralysed         |       |       |       |     2 ||     2
Armor: Robe              |     7 |    13 |     6 |       ||    26
       Swamp dragon scal |       |       |     9 |    31 ||    40
Dodge: Dodged            |    20 |    79 |    45 |    71 ||   215
       Rpst.: Falchion   |       |       |    10 |    14 ||    24

Table legend: (Time is in decaauts)
 A = Elapsed time spent in this place.
 B = Non-inter-level travel time spent in this place.
 C = Inter-level travel time spent in this place.
 D = Time resting spent in this place.
 E = Time spent auto-exploring this place.
 F = Levels seen in this place.
 G = Mean time per level.
                   A        B        C        D        E       F      G
               +--------+--------+--------+--------+--------+-----+--------+
         Total |  11589 |  11384 |    205 |   1734 |   7821 |   9 | 1287.7 |
       Dungeon |  10142 |   9940 |    202 |   1732 |   6629 |   7 | 1448.9 |
        Temple |     76 |     73 |      3 |      0 |     54 |   1 |   76.0 |
         Sewer |   1370 |   1370 |      0 |      2 |   1137 |   1 | 1370.0 |
               +--------+--------+--------+--------+--------+-----+--------+

Top non-repeatable levels by time:
     D:6: 2040 daAuts
     D:4: 1732 daAuts
     D:3: 1524 daAuts
     D:5: 1465 daAuts
   Sewer: 1370 daAuts
     D:7: 1289 daAuts
     D:1: 1185 daAuts
     D:2: 905 daAuts
  Temple: 76 daAuts
